 Dungeon Crawl Stone Soup version 0.27-a0-1434-g6f15984924 (webtiles) character file.

Game seed: 10225008936693846968

14722 mdonais the Zephyrmancer (level 12, -2/90 HPs)
             Began as an Octopode Air Elementalist on July 4, 2021.
             Was an Initiate of Gozag.
             Slain by a seven-headed hydra (5 damage)
             ... on level 1 of the Lair of Beasts.
             The game lasted 01:22:24 (19121 turns).

mdonais the Zephyrmancer (OpAE)                    Turns: 19121, Time: 01:22:24

Health: -2/90      AC:  1    Str: 14    XL:     12   Next: 19%
Magic:  19/24      EV: 21    Int: 22    God:    Gozag
Gold:   502        SH:  0    Dex: 19    Spells: 17/27 levels left

rFire    . . .     SeeInvis .   f - +1 dagger (venom)
rCold    . . .     Faith    .   (no shield)
rNeg     . . .     Spirit   .   (helmet restricted)
rPois    .         Reflect  .   r - amulet of regeneration
rElec    .         Harm     .   d - +6 ring of strength
rCorr    .         Rampage  .   s - ring of Divine Intervention {EV+4 Dex+7}
Will     .....                  (no ring)
Stlth    +++++.....             (no ring)
HPRegen  1.25/turn              (no ring)
MPRegen  0.19/turn              (no ring)
                                (no ring)
                                (no ring)

@: studying 2 skills
A: almost no armour, amphibious, 8 rings, camouflage 1, gelatinous body 1,
(nimble swimmer 1), tentacles
a: Renounce Religion, Potion Petition, Call Merchant, Bribe Branch


You were on level 1 of the Lair of Beasts.
You worshipped Gozag.
Gozag was pleased with you.
You visited 4 branches of the dungeon, and saw 13 of its levels.

You collected 1465 gold pieces.
You spent 890 gold pieces at shops.
You paid 73 gold pieces to Gozag.

Inventory:

Hand Weapons
 f - a +1 dagger of venom (weapon)
   (You found it on level 4 of the Dungeon)
 x - a +4 dagger
   (You took it off a goblin on level 4 of the Dungeon)
 C - a +3 scimitar
   (You took it off a wight on level 6 of the Dungeon)
 G - a +3 trident
   (You took it off an orc on level 9 of the Dungeon)
 K - a +0 dagger of electrocution
   (You found it on level 10 of the Dungeon)
 L - a +0 rapier of speed
   (You took it off an orc priest on level 10 of the Dungeon)
Missiles
 g - 31 poisoned darts (quivered)
 j - 290 stones
 n - 48 sling bullets
 q - 174 arrows
 t - 8 boomerangs
 v - 11 javelins
 y - 72 bolts
 F - 13 curare-tipped darts
 Z - a throwing net {=!f}
Jewellery
 a - a ring of fire
   (You took it off a goblin on level 4 of the Dungeon)
 d - a +6 ring of strength (left tentacle)
   (You found it on level 10 of the Dungeon)
 r - an amulet of regeneration (around mantle)
   (You found it on level 3 of the Dungeon)
 s - the ring of Divine Intervention (right tentacle) {EV+4 Dex+7}
   (You bought it in a shop on level 2 of the Dungeon)

   [ring of evasion]

   EV:        It affects your evasion (+4).
   Dex:       It affects your dexterity (+7).
Wands
 u - a wand of polymorph (10)
   (You found it on level 4 of the Dungeon)
 A - a wand of charming (3)
   (You found it on level 5 of the Dungeon)
 I - a wand of iceblast (10)
   (You found it on level 7 of the Dungeon)
 P - a wand of paralysis (12)
   (You found it on level 4 of the Dungeon)
 V - a wand of flame (63)
   (You found it on level 5 of the Dungeon)
Scrolls
 b - 2 scrolls of vulnerability
 e - 3 scrolls of enchant weapon
 h - a scroll of amnesia
 i - a scroll of fear {unknown}
 k - 4 scrolls of magic mapping {unknown}
 o - a scroll of enchant armour
 p - 5 scrolls of fog {unknown}
 B - 4 scrolls of blinking
 E - a scroll of noise {unknown}
 T - 3 scrolls of teleportation
Potions
 l - 3 potions of flight
 m - 6 potions of degeneration {unknown}
 w - a potion of magic
 z - 2 potions of heal wounds {unknown}
 D - a potion of attraction {unknown}
 H - 3 potions of haste
 Q - 5 potions of curing


   Skills:
 - Level 11.0 Fighting
 + Level 1.2 Throwing
 - Level 7.0 Dodging
 + Level 6.4 Stealth
 + Level 8.1 Spellcasting
 + Level 8.3 Conjurations
 * Level 11.1 Air Magic
 + Level 4.3 Evocations


You had 17 spell levels left.
You knew the following spells:

 Your Spells              Type           Power      Damage    Failure   Level
a - Shock                 Conj/Air       100%       1d9       1%          1
b - Static Discharge      Conj/Air       51%        N/A       1%          2
c - Airstrike             Air            27%        N/A       1%          4
d - Swiftness             Air            55%        N/A       1%          3

Your spell library contained the following spells:

 Spells                   Type           Power      Damage    Failure   Level
 Magic Dart               Conj           100%       1d8       1%          1
 Poisonous Vapours        Pois/Air       66%        N/A       1%          2
 Searing Ray              Conj           90%        3d6       1%          2
 Mephitic Cloud           Conj/Pois/Air  37%        N/A       1%          3
 Dazzling Flash           Conj/Hex       54%        N/A       4%          3
 Animate Skeleton         Necr           16%        N/A       8%          1
 Apportation              Tloc           16%        N/A       8%          1
 Pain                     Necr           32%        1d5       8%          1
 Sandblast                Erth           16%        2d6       8%          1
 Summon Small Mammal      Summ           32%        N/A       8%          1
 Ensorcelled Hibernation  Hex/Ice        16%        N/A       11%         2
 Passwall                 Tmut/Erth      6%         N/A       11%         2
 Fulminant Prism          Conj/Hex       13%        3d9       13%         4
 Sticky Flame             Conj/Fire      27%        2d5       13%         4
 Freezing Cloud           Conj/Ice/Air   18%        6-21      14%         5
 Silence                  Hex/Air        16%        N/A       21%         5
 Call Canine Familiar     Summ           8%         N/A       22%         3
 Frozen Ramparts          Ice            16%        1d3       22%         3
 Portal Projectile        Hex/Tloc       16%        N/A       22%         3
 Spider Form              Tmut/Pois      4%         N/A       22%         3
 Summon Guardian Golem    Hex/Summ       8%         N/A       22%         3
 Tukima's Dance           Hex            8%         N/A       22%         3
 Vampiric Draining        Necr           4%         2d6       22%         3
 Irradiate                Conj/Tmut      13%        3d18      36%         5
 Dispel Undead            Necr           8%         3d8       58%         4
 Ice Form                 Ice/Tmut       8%         N/A       58%         4
 Passage of Golubria      Tloc           N/A        N/A       58%         4
 Summon Ice Beast         Ice/Summ       8%         N/A       58%         4
 Agony                    Necr           8%         N/A       90%         5
 Alistair's Intoxication  Tmut/Pois      5%         N/A       90%         5
 Blade Hands              Tmut           4%         N/A       90%         5
 Excruciating Wounds      Necr           4%         N/A       90%         5
 Lee's Rapid Deconstruct  Erth           4%         3d6*      90%         5
 Yara's Violent Unravell  Hex/Tmut       4%         3d4       90%         5
 Invisibility             Hex            4%         N/A       100%        6
 Shadow Creatures         Summ           N/A        N/A       100%        6
 Dragon Form              Tmut           4%         N/A       100%        7


Dungeon Overview and Level Annotations

Branches:
Dungeon (10/15)            Temple (1/1) D:6            Lair (1/6) D:9
    Orc (1/2) D:10

Altars:
Ashenzari
Cheibriados
Dithmenos
Elyvilon
Fedhas
Gozag
Hepliaklqana
Kikubaaqudgha
Makhleb
Nemelex Xobeh
Okawaru
Qazlal
Ru
Sif Muna
Trog
Uskayaw
Vehumet
Wu Jian
Xom
Yredelemnul
Zin
The Shining One
Beogh

Shops:
D:2 ![!*=   D:8 [   D:9 (

Annotations:
Lair:1 Sonja


Innate Abilities, Weirdness & Mutations

You cannot wear most types of armour.
You are amphibious.
You can wear up to eight rings at the same time.
Your skin changes colour to match your surroundings (Stealth+).
Your rubbery body absorbs attacks. (AC +1, EV +1)
((You are camouflaged near water. (Stealth+)))
You have tentacles for arms and can constrict up to eight enemies at once.


Message History

You now have 5/24 mp.
You start resting.
HP restored.
Health restored: 90 You regained 4 mp, and now have 9/24 mp.
You start resting.
Magic restored.
MP restored: 24 You now have 498 gold pieces (gained 13).
Q - 5 potions of curing (gained 1)
k - 4 scrolls labelled QUOMAN QOUR (gained 1)
A basilisk comes into view.
Casting: Airstrike (mildly dangerous; 1% risk of failure)
Confirm with . or Enter, or press ? or * to list all spells.
Aiming: Airstrike (mildly dangerous; 1% risk of failure)
Press: ? - help, Dir - move target, f - basilisk
Aim: a basilisk (asleep)
The air twists around and strikes the basilisk!
The basilisk hisses angrily.
The basilisk is heavily wounded.
You now have 20/24 mp.
Casting: Airstrike (mildly dangerous; 1% risk of failure)
Confirm with . or Enter, or press ? or * to list all spells.
Aiming: Airstrike (mildly dangerous; 1% risk of failure)
Press: ? - help, Dir - move target, f/p - basilisk
Aim: a basilisk (heavily wounded)
The air twists around and strikes the basilisk!
The basilisk is almost dead.
The basilisk gazes at you. You resist with some effort.
You now have 16/24 mp.
Casting: Airstrike (mildly dangerous; 1% risk of failure)
Confirm with . or Enter, or press ? or * to list all spells.
Aiming: Airstrike (mildly dangerous; 1% risk of failure)
Press: ? - help, Dir - move target, f/p - basilisk
Aim: a basilisk (almost dead)
The air twists around and strikes the basilisk!!
You kill the basilisk!
You now have 12/24 mp.
Found a short sword.
You start resting.
Magic restored.
MP restored: 24 You now have 502 gold pieces (gained 4).
j - 290 stones (gained 21)
A hydra and Sonja come into view.
Sonja is wielding a +2 short sword of venom and quivering curare-tipped darts.
Found a scroll of vulnerability.
The helpless seven-headed hydra fails to defend itself.
You impale the seven-headed hydra!!
The seven-headed hydra is moderately wounded.
The seven-headed hydra bites you!
The seven-headed hydra closely misses you.
The seven-headed hydra barely misses you.
The seven-headed hydra misses you.
The seven-headed hydra completely misses you.
The seven-headed hydra misses you. The seven-headed hydra bites you.
You take 15 damage, and have 75/90 hp.
You regained 2 hp, and now have 78/90 hp.
The seven-headed hydra bites you! The seven-headed hydra misses you. x2
The seven-headed hydra barely misses you.
The seven-headed hydra bites you.
The seven-headed hydra closely misses you.
The seven-headed hydra misses you.
You take 20 damage, and have 59/90 hp.
MASSIVE DAMAGE!!
You regained 2 hp, and now have 62/90 hp.
You regained 2 hp, and now have 67/90 hp.
You regained 2 hp, and now have 72/90 hp.
You regained 2 hp, and now have 77/90 hp.
You regained 2 hp, and now have 82/90 hp.
You regained 2 hp, and now have 87/90 hp.
Health restored: 90
Aiming: Iceblast
Press: ? - help, Shift-Dir - straight line, f - seven-headed hydra
Aim: a seven-headed hydra The mass of ice explodes!
The iceblast engulfs the seven-headed hydra!
The seven-headed hydra is lightly wounded.
The seven-headed hydra bites you.
The seven-headed hydra completely misses you.
The seven-headed hydra misses you. x2
The seven-headed hydra closely misses you.
The seven-headed hydra completely misses you.
The seven-headed hydra bites you.
You take 8 damage, and have 82/90 hp.
Casting: Airstrike (mildly dangerous; 1% risk of failure)
Confirm with . or Enter, or press ? or * to list all spells.
The seven-headed hydra is struck by an arc of lightning!
The seven-headed hydra is lightly wounded.
You are struck by an arc of lightning.
The lightning grounds out.
You now have 22/24 mp.
The seven-headed hydra bites you!
The seven-headed hydra barely misses you. x3
The seven-headed hydra closely misses you. x3
You take 8 damage, and have 75/90 hp.
You regained 2 hp, and now have 77/90 hp.
You regained 2 hp, and now have 82/90 hp.
MP restored: 24 You regained 2 hp, and now have 87/90 hp.
Health restored: 90
Casting: Static Discharge (safe; 1% risk of failure)
Confirm with . or Enter, or press ? or * to list all spells.
The fungus is struck by an arc of lightning.
The fungus begins to die.
The fungus is lightly damaged.
The lightning grounds out.
The seven-headed hydra is struck by an arc of lightning!
The seven-headed hydra is lightly wounded.
The lightning grounds out.
The seven-headed hydra closely misses you. x2
The seven-headed hydra misses you.
The seven-headed hydra completely misses you.
The seven-headed hydra barely misses you.
The seven-headed hydra bites you.
The seven-headed hydra closely misses you.
You take 2 damage, and have 88/90 hp.
You now have 22/24 mp.
Health restored: 90
Casting: Static Discharge (safe; 1% risk of failure)
Confirm with . or Enter, or press ? or * to list all spells.
The seven-headed hydra is struck by an arc of lightning!
The seven-headed hydra is moderately wounded.
You are struck by an arc of lightning.
The seven-headed hydra is struck by an arc of lightning.
The seven-headed hydra is moderately wounded.
You are struck by an arc of lightning.
The lightning grounds out.
You take 4 damage, and have 86/90 hp.
You now have 21/24 mp.
Casting: Static Discharge (safe; 1% risk of failure)
Confirm with . or Enter, or press ? or * to list all spells.
The seven-headed hydra is struck by an arc of lightning.
The seven-headed hydra is moderately wounded.
You are struck by an arc of lightning.
The seven-headed hydra is struck by an arc of lightning.
The seven-headed hydra is heavily wounded.
The lightning grounds out.
The seven-headed hydra completely misses you.
The seven-headed hydra bites you!
The seven-headed hydra barely misses you.
The seven-headed hydra bites you! x3
The seven-headed hydra completely misses you.
You take 54 damage, and have 32/90 hp.
MASSIVE DAMAGE!!
You now have 19/24 mp.
The seven-headed hydra completely misses you.
The seven-headed hydra bites you!
* * * LOW HITPOINT WARNING * * *
The seven-headed hydra bites you but does no damage.
The seven-headed hydra bites you!
* * * LOW HITPOINT WARNING * * *
The seven-headed hydra completely misses you.
The seven-headed hydra bites you.
You die...
Your body crumbles into a pile of gold.

##.## #..#
#.#.## #..##
##...###...#
###..##..##
##..#..#
##.[...#
##......#
#P..)...##
#....#.@.#
##.>..##D##
###....P##.#
##..........#
#...........#
#...........#
#..........##
#........>##
###.........#


You could see a seven-headed hydra.

Vanquished Creatures
  5 death yaks (D:8)
  Pikel (D:6)
  A gargoyle (D:10)
  2 cane toads (Lair:1)
  A kobold demonologist (D:10)
  4 komodo dragons
  A troll (D:10)
  A hornet (D:9)
  3 blink frogs
  2 shadows (D:10)
  A wyvern (D:8)
  14 yaks
  A steam dragon (D:10)
  2 basilisks (Lair:1)
  Edmund (D:5)
  3 water moccasins
  4 black bears
  A hornet zombie (D:8)
  6 orc warriors
  2 necrophages
  3 centaurs
  3 phantoms
  A gnoll sergeant (D:8)
  2 bullfrogs
  3 scorpions
  13 killer bees
  8 wights
  An electric eel (D:6)
  A howler monkey (D:6)
  3 centaur zombies
  3 hounds
  7 orc priests
  A bullfrog skeleton (D:6)
  2 gnoll shamans (D:8)
  2 jellies
  4 iguanas
  7 orc wizards
  A killer bee zombie (D:7)
  2 howler monkey zombies
  12 gnolls
  A howler monkey skeleton (D:6)
  12 adders
  2 shadow imps (D:6)
  A white imp (D:6)
  An ufetubus (D:4)
  4 worms
  3 dart slugs
  42 orcs
  6 endoplasms
  A giant cockroach (D:3)
  12 goblins
  7 hobgoblins
  3 jackals (D:2)
  4 quokkas
  8 ball pythons
  6 bats
  2 frilled lizards
  6 kobolds
  5 rats
  A spectral hobgoblin (D:8)
262 creatures vanquished.

Vanquished Creatures (others)
  A fungus (Lair:1)
  A plant (Lair:1)
2 creatures vanquished.

Grand Total: 264 creatures vanquished

Notes
Turn   | Place    | Note
-------+----------+-------------------------------------------
     0 | D:1      | mdonais the Octopode Air Elementalist began the quest for
                  | the Orb.
     0 | D:1      | Reached XP level 1. HP: 11/11 MP: 3/3
   340 | D:1      | Reached XP level 2. HP: 18/18 MP: 0/5
   349 | D:1      | Learned a level 2 spell: Static Discharge
   406 | D:1      | Found a faded altar of an unknown god.
   827 | D:2      | Reached skill level 1 in Fighting
   884 | D:2      | Found Xeorewne's Assorted Antiques.
   948 | D:2      | Bought a pink potion for 19 gold pieces
  1023 | D:2      | Found Usarag's Distillery.
  1023 | D:2      | Found Jiogied's Antique Armour Emporium.
  1045 | D:2      | Reached XP level 3. HP: 23/23 MP: 2/6
  1360 | D:2      | Found Muurgh's Distillery.
  1738 | D:2      | Found Luodghuf's Jewellery Boutique.
  1908 | D:2      | Reached XP level 4. HP: 29/29 MP: 4/7
  1994 | D:2      | Bought a potion of curing for 33 gold pieces
  2560 | D:3      | Learned a level 4 spell: Airstrike
  2822 | D:3      | Reached XP level 5. HP: 34/34 MP: 6/8
  3238 | D:4      | Noticed a phantom
  3250 | D:3      | Killed a phantom
  3414 | D:4      | Noticed a necrophage
  3419 | D:4      | Reached XP level 6. HP: 38/41 MP: 1/9
  3474 | D:3      | Killed a necrophage
  3691 | D:4      | Reached skill level 5 in Air Magic
  3877 | D:4      | Reached XP level 7. HP: 48/48 MP: 5/11
  4327 | D:4      | Reached skill level 5 in Fighting
  4634 | D:4      | Learned a level 3 spell: Swiftness
  5157 | D:5      | Entered Level 5 of the Dungeon
  5428 | D:5      | Reached XP level 8. HP: 52/57 MP: 1/12
  5569 | D:5      | Noticed Edmund
  5663 | D:5      | Found a glowing silver altar of Zin.
  6122 | D:5      | Found an ornate altar of the Wu Jian Council.
  6346 | D:2      | Bought a scroll labelled MEBBI PYMOGAO for 22 gold pieces
  6346 | D:2      | Bought a scroll labelled MEBBI PYMOGAO for 22 gold pieces
  6346 | D:2      | Bought a scroll labelled UPETZO YNEIF for 22 gold pieces
  6346 | D:2      | Bought a scroll labelled MEBBI PYMOGAO for 22 gold pieces
  6465 | D:6      | Reached skill level 1 in Evocations
  6729 | D:5      | Killed Edmund
  6833 | D:6      | Reached XP level 9. HP: 52/64 MP: 10/15
  7469 | D:6      | Noticed Pikel
  7479 | D:6      | Killed Pikel
  7752 | D:6      | Found a shimmering blue altar of Sif Muna.
  7752 | D:6      | Found a hide-covered altar of Uskayaw.
  8110 | D:6      | Found a staircase to the Ecumenical Temple.
  8118 | Temple   | Entered the Ecumenical Temple
  8123 | Temple   | Became a worshipper of Gozag Ym Sagoz the Greedy
  8524 | D:7      | Reached skill level 5 in Spellcasting
  8816 | D:7      | Found a bloodstained altar of Trog.
  9282 | D:7      | Reached XP level 10. HP: 73/73 MP: 0/18
  9312 | D:7      | Reached skill level 5 in Stealth
  9312 | D:7      | Reached skill level 5 in Conjurations
  9505 | D:7      | Found a blossoming altar of Fedhas.
 10125 | D:8      | Found a broken altar of Ashenzari.
 10852 | D:8      | Reached skill level 5 in Dodging
 10973 | D:8      | Found Xer Teu's Antique Armour Emporium.
 11216 | D:8      | Found a hazy altar of Hepliaklqana.
 11386 | D:9      | Found an iron altar of Okawaru.
 11961 | D:9      | Noticed a death yak
 12001 | D:9      | Noticed a death yak
 12020 | D:9      | Noticed a death yak
 12022 | D:9      | Noticed a death yak
 12031 | D:9      | Noticed a death yak
 12211 | D:8      | Killed a death yak
 12665 | D:8      | Killed a death yak
 12666 | D:8      | Reached skill level 10 in Fighting
 12838 | D:8      | Killed a death yak
 12839 | D:8      | Reached XP level 11. HP: 82/82 MP: 5/21
 13411 | D:9      | Found Ceakuammu's Antique Weapon Shoppe.
 13662 | D:8      | Killed a death yak
 13735 | D:8      | Killed a death yak
 14041 | D:9      | Found a staircase to the Lair.
 14153 | D:9      | Found an iron altar of Okawaru.
 14313 | D:9      | Found Ceakuammu's Antique Weapon Shoppe.
 14617 | D:10     | Entered Level 10 of the Dungeon
 15669 | D:10     | Reached skill level 10 in Air Magic
 15922 | D:2      | Bought the ring of Divine Intervention {EV+4 Dex+7} for 750
                  | gold pieces
 16769 | D:10     | Found a staircase to the Orcish Mines.
 17439 | D:10     | Found a staircase to the Orcish Mines.
 17885 | Orc:1    | Entered Level 1 of the Orcish Mines
 18070 | Lair:1   | Entered Level 1 of the Lair of Beasts
 18139 | D:9      | Reached XP level 12. HP: 81/90 MP: 3/24
 18702 | Lair:1   | Reached skill level 1 in Throwing
 19065 | Lair:1   | Noticed Sonja
 19065 | Lair:1   | Noticed a seven-headed hydra
 19121 | Lair:1   | HP: 3/90 [seven-headed hydra (13)]
 19121 | Lair:1   | Slain by a seven-headed hydra

Illustrated notes

Levels and vault maps discovered:
D:1:      ncdulo_halloftheorcs, layout_rooms,
          shapermc_ecumenical_altar_notcrosses
D:2:      layout_basic, serial_shops, nicolae_shop_crystal, shop, shop,
          nicolae_shop_crystal, shop
D:3:      layout_loops_cross
D:4:      kennysheep_the_goblin_king, layout_basic, minmay_manual_monstrance
D:5:      layout_loops_ring, kennysheep_mini_moat,
          nicolae_wu_jian_glorious_leap, serial_glass, glass_columns_c,
          glass_columns_b, glass_columns_a, glass_columns_a, glass_columns_a,
          item_on_display_a, item_on_display_a, uniq_edmund
D:6:      cheibrodos_helix_gallery, layout_cave_pools,
          gammafunk_temple_overflow_statue, minmay_temple_entry_glassed_door,
          uniq_pikel
D:7:      layout_basic, lemuel_coloured_pillars_altar,
          trog_three_pillars_becter, minmay_crystal_room
D:8:      layout_cave_pools, nicolae_hepliaklqana_monster_ancestors,
          lemuel_round_altar, serial_co_window_serial, co_window_cross_1,
          co_window_paths_a, co_window_cross_1, co_window_paths_b,
          co_window_cross_1, co_window_corner_a, co_window_corner_b,
          co_window_paths_c, co_window_paths_c, co_window_broadway_a,
          co_window_4corner_a, glass_columns_b, glass_columns_b,
          glass_columns_b, glass_columns_a, serial_shops, shop_fountains,
          chequers_serial_rivers_micro_b, kennysheep_generic_room_7
D:9:      layout_basic, amcnicky_altar_gilded, dpeg_lair_monsters, serial_shops,
          nicolae_inconvenience_store
D:10:     layout_basic, david_orc_5, kennysheep_generic_room_6
Temple:   cyrus_circular_temple
Lair:1:   layout_cave_pods, uniq_sonja, uniq_gastronok
Orc:1:    layout_caves, serial_shops, shop, uniq_erica

Skill      XL: |  1  2  3  4  5  6  7  8  9 10 11 12 |
---------------+-------------------------------------+-----
Fighting       | 1 2 4 6 7 8 10 11 | 11.0
Conjurations   | 2 3 4 5 8 |  8.3
Stealth        | 3 4 5 6 |  6.4
Air Magic      | 4 5 6 7 8 9 10 11 | 11.1
Spellcasting   | 3 4 5 6 8 |  8.1
Evocations     | 3 4 |  4.3
Dodging        | 4 6 7 |  7.0
Throwing       | 1 |  1.2

Action                   |  1- 3 |  4- 6 |  7- 9 | 10-12 || total
-------------------------+-------+-------+-------+-------++-------
Melee: Hand axe          |     4 |       |       |       ||     4
       Whip              |     1 |       |       |       ||     1
       Short sword       |     8 |       |       |       ||     8
       Constrict         |     3 |     2 |     1 |     7 ||    13
       Tentacles         |     1 |       |     1 |    21 ||    23
       Dagger            |       |     8 |     4 |    85 ||    97
       Scimitar          |       |       |     2 |       ||     2
       Trident           |       |       |       |    70 ||    70
Throw: Dart              |       |       |       |    17 ||    17
 Cast: Shock             |    89 |    92 |   125 |    47 ||   353
       Static Discharge  |       |     5 |    31 |    26 ||    62
       Airstrike         |       |       |    52 |   206 ||   258
Evoke: Wand              |       |       |     1 |     5 ||     6
  Use: Potion            |     1 |       |     1 |       ||     2
       Scroll            |       |       |     8 |     3 ||    11
 Stab: Sleeping          |     1 |     2 |       |     1 ||     4
       Paralysed         |       |       |     4 |     2 ||     6
       Distracted        |       |       |       |     1 ||     1
Armor: Skin              |     2 |     2 |     3 |     5 ||    12
Dodge: Dodged            |    16 |    21 |    23 |   175 ||   235
       Rpst.: Scimitar   |       |       |     2 |     7 ||     9

Table legend: (Time is in decaauts)
 A = Elapsed time spent in this place.
 B = Non-inter-level travel time spent in this place.
 C = Inter-level travel time spent in this place.
 D = Time resting spent in this place.
 E = Time spent auto-exploring this place.
 F = Levels seen in this place.
 G = Mean time per level.
                   A        B        C        D        E       F      G
               +--------+--------+--------+--------+--------+-----+--------+
         Total |  19180 |  17519 |   1661 |   7737 |   6274 |  13 | 1475.4 |
       Dungeon |  18206 |  16563 |   1643 |   7190 |   6011 |  10 | 1820.6 |
        Temple |     62 |     45 |     17 |      0 |     44 |   1 |   62.0 |
          Lair |    904 |    904 |      0 |    547 |    219 |   1 |  904.0 |
  Orcish Mines |      7 |      7 |      0 |      0 |      0 |   1 |    7.0 |
               +--------+--------+--------+--------+--------+-----+--------+

Top non-repeatable levels by time:
     D:8: 2983 daAuts
    D:10: 2696 daAuts
     D:9: 2480 daAuts
     D:5: 1837 daAuts
     D:4: 1737 daAuts
     D:2: 1682 daAuts
     D:6: 1435 daAuts
     D:3: 1321 daAuts
     D:7: 1240 daAuts
  Lair:1: 904 daAuts
     D:1: 791 daAuts
  Temple: 62 daAuts
   Orc:1: 7 daAuts
